 Dungeon Crawl Stone Soup version 0.29-a0-337-g68df138881 (webtiles) character file.

Game seed: 9858219169115066732

1325 jlumianski the Chopper (level 8, -2/61 HPs)
             Began as a Demonspawn Fighter on Apr 17, 2022.
             Was a Believer of Qazlal.
             Killed from afar by a steam dragon (17 damage)
             ... with a ball of steam
             ... on level 6 of the Dungeon.
             The game lasted 00:18:58 (4769 turns).

jlumianski the Chopper (Demonspawn Fighter)         Turns: 4769, Time: 00:18:58

Health: -2/61      AC: 13    Str: 18    XL:     8   Next: 34%
Magic:  10/10      EV:  7    Int: 10    God:    Qazlal [**....]
Gold:   209        SH:  9    Dex: 13    Spells: 7/7 levels left

rFire   . . .      SeeInvis .   a - +1 war axe (drain)
rCold   + . .      Faith    +   u - +2 buckler
rNeg    . . .      Spirit   .   k - +2 chain mail {rC+}
rPois   .          Reflect  .   o - +0 helmet
rElec   .          Harm     .   (no cloak)
rCorr   +          Rampage  .   (no gloves)
Will    .....                   (no boots)
Stlth   ..........              i - amulet of faith
HPRegen 0.20/turn               f - ring of resist corrosion
MPRegen 0.12/turn               (no ring)

@: no status effects
A: claws 2, hooves 2, powered by death 1, weakness stinger 1
a: Renounce Religion, Upheaval


You were on level 6 of the Dungeon.
You worshipped Qazlal.
Qazlal was pleased with you.
You visited 1 branch of the dungeon, and saw 7 of its levels.

You collected 265 gold pieces.
You spent 56 gold pieces at shops.

Inventory:

Hand Weapons
 a - a +1 war axe of draining (weapon)
 m - a +0 fustibalus
Missiles
 e - 377 stones
 l - 11 boomerangs (quivered)
 v - a throwing net
 w - 8 poisoned darts
 E - 5 javelins
 G - 5 datura-tipped darts
Armour
 b - a +0 scale mail
 c - a +0 buckler
 k - a +2 chain mail of cold resistance (worn)
 o - a +0 helmet (worn)
 u - a +2 buckler (worn)
Jewellery
 f - a ring of resist corrosion (left claw)
 i - an amulet of faith (around neck)
Wands
 q - a wand of digging (6)
 y - a wand of paralysis (4)
Scrolls
 j - a scroll of fear
 n - 3 scrolls of fog
 p - a scroll of amnesia
 s - a scroll of vulnerability
 t - 2 scrolls of teleportation
 z - a scroll of silence
 B - a scroll of blinking {unknown}
 C - 2 scrolls of enchant armour {unknown}
 D - a scroll of magic mapping {unknown}
Potions
 d - a potion of might
 g - 2 potions of mutation
 h - a potion of brilliance
 r - a potion of degeneration
 x - 2 potions of lignification
 A - a potion of magic {unknown}
 F - a potion of heal wounds


   Skills:
 + Level 4.5 Fighting
 + Level 5.8 Axes
 + Level 1.2 Throwing
 + Level 5.3 Armour
 + Level 1.2 Dodging
 - Level 0.1 Stealth
 + Level 3.9 Shields
 * Level 2.9 Invocations
 * Level 2.1 Evocations


You had 7 spell levels left.
You didn't know any spells.
Your spell library contained the following spells:

 Spells                   Type           Power      Damage    Failure   Level
 Inner Flame              Hex/Fire       0%         N/A       100%        3
 Summon Forest            Summ/Tloc      0%         N/A       100%        5
 Summon Mana Viper        Hex/Summ       0%         N/A       100%        5
 Yara's Violent Unravell  Hex/Tmut       0%         3d3       100%        5
 Eringya's Noxious Bog    Tmut/Pois      0%         N/A       100%        6
 Summon Hydra             Summ           0%         N/A       100%        7


Dungeon Overview and Level Annotations

Branches:
Dungeon (7/15)
 Temple: D:4-7

Altars:
Qazlal

Shops:
D:4 (   D:5 *


Innate Abilities, Weirdness & Mutations

You have very sharp fingernails.
You have hoof-like feet.
You regenerate a little health from kills.
You have a small tail.


Message History

You add the spells Summon Forest, Eringya's Noxious Bog and Summon Hydra to your library.
A steam dragon comes into view.
The steam dragon hisses angrily.
The steam dragon breathes steam at you. The ball of steam hits you!
An orc comes into view. It is wielding a +1 flail of draining.
The orc shouts!
You hear a croak.
The steam dragon barely misses you. The steam dragon claws you.
The steam dragon breathes steam at you. The ball of steam hits you!
There is a stone staircase leading up here.
The steam dragon breathes steam at you. The ball of steam hits you!!
You hear a croak.
You climb upwards.
There is a stone staircase leading down here.
You closely miss the steam dragon. You kick the steam dragon.
The steam dragon is lightly wounded.
You block the steam dragon's attack.
The steam dragon claws you but does no damage.
You hit the steam dragon. You kick the steam dragon.
You tail-slap the steam dragon, but do no damage.
The steam dragon is moderately wounded.
The steam dragon bites you.
* * * LOW HITPOINT WARNING * * *
You block the steam dragon's attack.
You closely miss the steam dragon.
The steam dragon is moderately wounded.
The steam dragon bites you but does no damage.
The steam dragon claws you.
* * * LOW HITPOINT WARNING * * *
You closely miss the steam dragon. You tail-slap the steam dragon.
The steam dragon is moderately wounded.
The steam dragon bites you.
* * * LOW HITPOINT WARNING * * *
The steam dragon claws you but does no damage.
The steam dragon barely misses you. x2
The steam dragon breathes steam at you. The ball of steam hits you!
You die...

# ##.######.#
#
#$..D>....#..
##.##ยง###....
#...@....#.#
####........
#..##..##
#####..# ...
#......###.##
#..........#
#.....######
#.....# #
####.....#####


You could see a steam dragon (catching breath).

Vanquished Creatures
  Prince Ribbit (D:5)
  A wraith (D:4)
  A sky beast (D:4)
  2 scorpions (D:4)
  4 hounds
  A jelly (D:5)
  A gnoll shaman (D:5)
  An orc priest (D:3)
  A centaur skeleton (D:5)
  An iguana (D:5)
  2 scorpion zombies (D:5)
  5 orc wizards
  A killer bee zombie (D:5)
  3 hound zombies (D:5)
  2 howler monkey zombies (D:5)
  Robin (D:3)
  5 gnolls
  7 adders
  2 worms
  4 dart slugs
  15 orcs
  5 bats
  6 endoplasms
  A giant cockroach (D:1)
  15 goblins
  4 hobgoblins
  3 jackals (D:3)
  4 quokkas
  3 training dummies (D:4)
  7 ball pythons
  A frilled lizard (D:3)
  6 kobolds
  6 rats
122 creatures vanquished.

Notes
Turn   | Place    | Note
-------+----------+-------------------------------------------
     0 | D:1      | jlumianski the Demonspawn Fighter began the quest for the
                  | Orb.
     0 | D:1      | Reached XP level 1. HP: 18/18 MP: 1/1
   248 | D:1      | Discovered your monstrous ancestry.
   248 | D:1      | Gained mutation: You have sharp fingernails. [demonic
                  | ancestry]
   248 | D:1      | Reached XP level 2. HP: 21/24 MP: 2/2
   559 | D:1      | Found a faded altar of an unknown god.
   637 | D:1      | Got the Tome of Hexes
  1058 | D:3      | Gained mutation: You have very sharp fingernails. [demonic
                  | ancestry]
  1058 | D:3      | Reached XP level 3. HP: 27/29 MP: 3/3
  1574 | D:3      | Noticed Robin
  1595 | D:3      | Killed Robin
  1614 | D:3      | Reached XP level 4. HP: 33/35 MP: 4/4
  1877 | D:3      | Found a stormy altar of Qazlal.
  1885 | D:3      | Became a worshipper of Qazlal Stormbringer
  2160 | D:3      | Gained mutation: You regenerate a little health from kills.
                  | [demonic ancestry]
  2160 | D:3      | Reached XP level 5. HP: 25/41 MP: 5/5
  2531 | D:5      | Entered Level 5 of the Dungeon
  2820 | D:4      | Found Petze's Firing Range.
  2868 | D:4      | Gained mutation: You have a small tail. [demonic ancestry]
  2868 | D:4      | Reached XP level 6. HP: 48/48 MP: 6/6
  2930 | D:3      | Reached * piety under Qazlal
  3225 | D:5      | Noticed a sky beast
  3241 | D:4      | Killed a sky beast
  3253 | D:5      | Reached skill level 1 in Throwing
  3266 | D:5      | Noticed a wraith
  3285 | D:4      | Killed a wraith
  3286 | D:4      | Gained mutation: You have large cloven feet. [demonic
                  | ancestry]
  3286 | D:4      | Reached XP level 7. HP: 12/54 MP: 7/7
  3787 | D:5      | Found Hapn's Assorted Antiques.
  3792 | D:5      | Bought a scroll labelled PUKHIR CIAF for 28 gold pieces
  3792 | D:5      | Bought a scroll labelled PUKHIR CIAF for 28 gold pieces
  3805 | D:5      | Reached skill level 5 in Axes
  3887 | D:5      | Reached skill level 1 in Dodging
  3918 | D:5      | Reached skill level 1 in Invocations
  3970 | D:5      | Reached skill level 1 in Evocations
  4127 | D:5      | Reached ** piety under Qazlal
  4321 | D:6      | Noticed Prince Ribbit
  4339 | D:6      | Reached skill level 5 in Armour
  4339 | D:6      | Gained mutation: You have hoof-like feet. [demonic
                  | ancestry]
  4339 | D:6      | Reached XP level 8. HP: 49/61 MP: 9/9
  4486 | D:5      | Killed Prince Ribbit
  4769 | D:6      | Killed from afar by a steam dragon

Illustrated notes

Levels and vault maps discovered:
D:1:      dpeg_arrival_pond, layout_rooms,
          shapermc_ecumenical_altar_mp_highgroup, supply_closet_lemuel
D:2:      layout_basic, minmay_misc_feat_alley
D:3:      layout_loops_ring, grunt_qazlal_sundering, uniq_robin
D:4:      layout_cave_pools, nicolae_shop_firing_range
D:5:      kennysheep_big_flooded_room, layout_rooms, serial_shops,
          nicolae_shop_waterfront, serial_undead, serial_undead_c,
          serial_undead_c, serial_undead_d, serial_undead_f
D:6:      nicolae_BIG_FREAKIN_CUBE, layout_basic,
          nicolae_tso_swordbearing_angel, minitemple, serial_shops,
          nicolae_shop_trees, uniq_prince_ribbit1
D:7:      layout_basic, lemuel_zombie_altar_yredelemnul,
          mainiacjoe_overflow_alcove_1, temple_fountains, uniq_joseph

Skill      XL: |  1  2  3  4  5  6  7  8 |
---------------+-------------------------+-----
Axes           | 2 3 4 5 |  5.8
Armour         | 3 4 5 |  5.3
Shields        | 3 |  3.9
Fighting       | 4 |  4.5
Throwing       | 1 |  1.2
Dodging        | 1 |  1.2
Invocations    | 2 |  2.9
Evocations     | 1 2 |  2.1
Stealth        | |  0.1

Action                   |  1- 3 |  4- 6 |  7- 9 || total
-------------------------+-------+-------+-------++-------
Melee: War axe           |   127 |   130 |   105 ||   362
       Tailslap          |       |     5 |    24 ||    29
       Kick              |       |       |    29 ||    29
Throw: Stone             |     1 |       |       ||     1
       Boomerang         |       |     2 |     5 ||     7
  Use: Scroll            |     6 |     5 |     3 ||    14
       Potion            |       |     3 |     2 ||     5
 Stab: Invisible         |       |       |     1 ||     1
Armor: Scale mail        |    39 |       |       ||    39
       Chain mail        |    80 |   127 |    72 ||   279
Dodge: Dodged            |    52 |    54 |    38 ||   144
Block: Buckler           |    41 |    54 |    64 ||   159

Table legend: (Time is in decaauts)
 A = Elapsed time spent in this place.
 B = Non-inter-level travel time spent in this place.
 C = Inter-level travel time spent in this place.
 D = Time resting spent in this place.
 E = Time spent auto-exploring this place.
 F = Levels seen in this place.
 G = Mean time per level.
                   A        B        C        D        E       F      G
               +--------+--------+--------+--------+--------+-----+--------+
         Total |   4944 |   4830 |    114 |    578 |   2191 |   7 |  706.3 |
       Dungeon |   4944 |   4830 |    114 |    578 |   2191 |   7 |  706.3 |
               +--------+--------+--------+--------+--------+-----+--------+

Top non-repeatable levels by time:
     D:3: 1324 daAuts
     D:4: 1070 daAuts
     D:2: 780 daAuts
     D:5: 717 daAuts
     D:1: 699 daAuts
     D:6: 315 daAuts
     D:7: 38 daAuts
